 Dungeon Crawl Stone Soup version 0.20.0 (webtiles) character file.

65 FakerFangirl the Cudgeler (level 3, -4/31 HPs)
             Began as a Draconian Fighter on May 25, 2017.
             Slain by Sigmund
             ... wielding a +0 scythe
              (6 damage)
             ... on level 2 of the Dungeon.
             The game lasted 00:01:36 (1747 turns).

FakerFangirl the Cudgeler (Draconian Fighter)       Turns: 1747, Time: 00:01:37

Health: -4/31      AC:  5    Str: 18    XL:     3   Next: 92%
Magic:  3/3        EV: 10    Int:  8    God:
Gold:   66         SH:  9    Dex: 11    Spells: 2/2 levels left

rFire    . . .     SeeInvis .   Y - +0 flail
rCold    . . .     Gourm    .   b - +0 shield
rNeg     . . .     Faith    .   (armour unavailable)
rPois    .         Spirit   .   (helmet restricted)
rElec    .         Reflect  .   (no cloak)
rCorr    .         Harm     .   (no gloves)
MR       .....                  (no boots)
Stlth    +.........             (no amulet)
Regen    0.1/turn               (no ring)
MPRegen  0.1/turn               (no ring)

@: about to teleport
A: unfitting armour, cold-blooded, AC +5
a: no special abilities


You were on level 2 of the Dungeon.
You were not hungry.

You visited 1 branch of the dungeon, and saw 2 of its levels.

You collected 66 gold pieces.


Innate Abilities, Weirdness & Mutations

Your plain brown scales are hard. (AC +5)
You cannot fit into any form of body armour.
You are cold-blooded and may be slowed by cold attacks.


   Skills:
 - Level 3.2 Fighting
 + Level 4.2 Maces & Flails
 - Level 2.6 Dodging
 - Level 3.0 Shields


You had 2 spell levels left.
You didn't know any spells.

Inventory:

Hand Weapons
 Y - a +0 flail (weapon)
Armour
 b - a +0 shield (worn)
Jewellery
 l - a cursed ring of teleportation {unknown}
Scrolls
 e - 3 scrolls of immolation {unknown}
 g - a scroll of remove curse
 h - a scroll of identify
Potions
 c - 2 potions of might
 f - a potion of haste {unknown}
 i - a potion of lignification {unknown}
 k - a potion of degeneration {unknown}
Comestibles
 d - a bread ration
 j - 5 chunks of flesh

Dungeon Overview and Level Annotations

Branches:
Dungeon (2/15)

Altars:
Qazlal

Annotations:
D:2 Sigmund


Message History

Sigmund hits you with a scythe!
You barely miss Sigmund.
Sigmund is heavily wounded.
You block Sigmund's attack.
You hit Sigmund but do no damage.
Sigmund is heavily wounded.
Sigmund points at you and mumbles some strange words.
The puff of flame hits you!
1745 ||| READING scroll of teleportation.
As you read the scroll of teleportation, it crumbles to dust.
You feel strangely unstable. Sigmund misses you.
You closely miss Sigmund.
Your tail-slap misses Sigmund.
Sigmund is heavily wounded.
Sigmund says, "You will soon forget everything."
Sigmund barely misses you.
You hit Sigmund.
Sigmund is severely wounded.
Sigmund hits you with a scythe.
You die...

#.....#.#..#.#.}# #.( ##......#
#.....#.#..+.'..#.#..###..######
#...).#(#'##.####.##.....########
......#...........##.............
......#.#'##.####.#.....##.######
......#.#..#.#..#.#.......>#
##.####.#..+.'..#.#...#..#####
#.####.##'#.#..........##
#.........@@#####.......##
#.####.##+#.#.###........# #.#
.#..##........# +.+
.#.........>..## #.#
.#......).<..... ..
.#.......)...##. .#..............
.##............. #..#..(........


You could see Sigmund.

Vanquished Creatures
  2 adders (D:2)
  An ooze (D:1)
  A worm (D:2)
  A leopard gecko (D:1)
  3 giant cockroaches
  5 goblins
  6 hobgoblins (D:1)
  6 jackals (D:2)
  A bat (D:1)
  3 frilled lizards
  5 kobolds
  A rat (D:2)
35 creatures vanquished.

Notes
Turn   | Place    | Note
-------+----------+-------------------------------------------
     0 | D:1      | FakerFangirl the Draconian Fighter began the quest for the Orb.
     0 | D:1      | Reached XP level 1. HP: 19/19 MP: 1/1
     0 | D:1      | 0 ||| counter = 15
   311 | D:1      | Reached XP level 2. HP: 20/26 MP: 2/2
   600 | D:1      | Reached skill level 3 in Maces & Flails
  1268 | D:1      | 1268 ||| READING 2 scrolls labeled ETYHUN BAOVU.
  1273 | D:1      | 1273 ||| READING 2 scrolls labeled YRIQOM BUBOIHA.
  1274 | D:1      | 1274 ||| READING 2 scrolls labeled HEMUVEKH DIOR.
  1311 | D:2      | Reached XP level 3. HP: 22/31 MP: 3/3
  1579 | D:2      | Reached skill level 4 in Maces & Flails
  1609 | D:2      | Found a stormy altar of Qazlal.
  1611 | D:2      | Noticed an earth elemental
  1611 | D:2      | Noticed a water elemental
  1612 | D:2      | Noticed a fire elemental
  1612 | D:2      | Noticed an air elemental
  1730 | D:2      | Noticed Sigmund
  1744 | D:2      | HP: 2/31 [Sigmund/puff of flame (7)]
  1745 | D:2      | 1745 ||| READING scroll of teleportation.
  1747 | D:2      | Slain by Sigmund

Vault maps used:
D:1:      lemuel_arrival_funnel, serial_forest, infiniplex_forest_clump_double,
          infiniplex_forest_clump_curved, infiniplex_forest_corner_1,
          infiniplex_forest_lined_3, infiniplex_forest_lined_room_2,
          infiniplex_forest_clump_double, infiniplex_forest_clump_small,
          infiniplex_forest_clump_large, infiniplex_forest_end_3,
          infiniplex_forest_lined_2
D:2:      minmay_door_path, nicolae_qazlal_style_of_elements, uniq_sigmund,
          uniq_terence

Skill      XL: |  1  2  3 |
---------------+----------+-----
Maces & Flails | 3 4 |  4.2
Fighting       | |  3.2
Dodging        | |  2.6
Shields        | |  3.0

Action                   || total
-------------------------++-------
Melee: Flail             ||   125
       Tailslap          ||    14
  Use: Scroll            ||     4
  Eat: Chunk             ||     3
Armor: Skin              ||    30
Dodge: Dodged            ||    48
Block: Shield            ||    61
